% Time on Ice - RENO LIONS
Lines # - Real PCT - Wanted PCT - Time Play
Normal Forward
1 - 39% - 40% - 20:53
2 - 30% - 30% - 16:14
3 - 21% - 20% - 11:19
4 - 10% - 10% - 5:37
Normal Defense
1 - 34% - 35% - 18:12
2 - 32% - 32% - 17:02
3 - 28% - 23% - 15:04
4 - 7% - 10% - 3:45
PP Forward
1 - 57% - 70% - 3:24
2 - 43% - 30% - 2:33
PP Defense
1 - 59% - 60% - 3:30
2 - 41% - 40% - 2:27
PK Forward
1 - 0% - 55%
2 - 0% - 45%
PK Defense
1 - 0% - 55%
2 - 0% - 45%
PK3 Forward
1 - 0% - 55%
2 - 0% - 45%
PK3 Defense
1 - 0% - 55%
2 - 0% - 45%
44 Forward
1 - 0% - 55%
2 - 0% - 45%
44 Defense
1 - 0% - 55%
2 - 0% - 45%
Last Minute Offensive  - 0:00
Last Minute Defensive  - 0:00
Total
Forward - 60:00
Defense - 60:00
% Time on Ice - SEATTLE GRUNGE
Lines # - Real PCT - Wanted PCT - Time Play
Normal Forward
1 - 34% - 36% - 18:20
2 - 29% - 31% - 15:52
3 - 25% - 23% - 13:27
4 - 12% - 10% - 6:24
Normal Defense
1 - 35% - 36% - 18:55
2 - 31% - 31% - 16:57
3 - 27% - 23% - 14:31
4 - 7% - 10% - 3:40
PP Forward
1 - 0% - 55%
2 - 0% - 45%
PP Defense
1 - 0% - 55%
2 - 0% - 45%
PK Forward
1 - 58% - 55% - 3:27
2 - 42% - 45% - 2:30
PK Defense
1 - 48% - 55% - 2:53
2 - 52% - 45% - 3:04
PK3 Forward
1 - 0% - 55%
2 - 0% - 45%
PK3 Defense
1 - 0% - 55%
2 - 0% - 45%
44 Forward
1 - 0% - 55%
2 - 0% - 45%
44 Defense
1 - 0% - 55%
2 - 0% - 45%
Last Minute Offensive  - 0:00
Last Minute Defensive  - 0:00
Total
Forward - 60:00
Defense - 60:00
Play-by-Play 1st period 0:01 of 1st period - Tyler Seguin wins face-off versus Steven Stamkos in neutral zone. 1:00 of 1st period - Icing by Jacob Trouba. 1:01 of 1st period - Steven Stamkos wins face-off versus Rem Pitlick in RENO LIONS zone. 1:13 of 1st period - Off-side. 1:14 of 1st period - Jack Roslovic wins face-off versus Warren Foegele in neutral zone. 1:22 of 1st period - Shot by Cam Atkinson. 1:22 of 1st period - Stopped by Andrew Hammond with a rebound. 1:49 of 1st period - Shot by Garnet Hathaway. 1:49 of 1st period - Stopped by Stuart Skinner with a rebound. 1:53 of 1st period - Shot by Garnet Hathaway. 1:53 of 1st period - Stopped by Stuart Skinner without a rebound. 1:54 of 1st period - Derek Grant wins face-off versus Rem Pitlick in RENO LIONS zone. 1:54 of 1st period - Derek Grant is hit by Morgan Geekie. 1:57 of 1st period - Icing by Nicholas Ritchie. 1:58 of 1st period - Derek Grant wins face-off versus Riley Sheahan in RENO LIONS zone. 1:58 of 1st period - Andreas Johnsson is hit by Curtis Lazar. 2:12 of 1st period - Shot by Andreas Johnsson. 2:12 of 1st period - Shot Misses the Net. 2:14 of 1st period - Shot by Robert Hagg. 2:14 of 1st period - Shot Misses the Net. 2:16 of 1st period - Shot by Derek Grant. 2:16 of 1st period - Deflect By Nicholas Ritchie. 2:16 of 1st period - Shot Misses the Net. 3:42 of 1st period - Janne Kuokkanen is hit by Nicolas Meloche and loses puck. 3:58 of 1st period - Shot by Jack Roslovic. 3:58 of 1st period - Stopped by Andrew Hammond without a rebound. 3:59 of 1st period - Jack Roslovic wins face-off versus Warren Foegele in SEATTLE GRUNGE zone. 4:58 of 1st period - Shot by Kirill Kaprizov. 4:58 of 1st period - Shot Misses the Net. 5:42 of 1st period - Icing by Garnet Hathaway. 5:43 of 1st period - Jakub Vrana wins face-off versus Derek Grant in SEATTLE GRUNGE zone. 5:45 of 1st period - Icing by Warren Foegele. 5:46 of 1st period - Warren Foegele wins face-off versus Derek Grant in SEATTLE GRUNGE zone. 5:46 of 1st period - Warren Foegele is hit by Nicholas Ritchie. 5:49 of 1st period - Icing by David Savard. 5:50 of 1st period - Jack Roslovic wins face-off versus Warren Foegele in SEATTLE GRUNGE zone. 6:06 of 1st period - Cam Atkinson is hit by Nicolas Meloche and loses puck. 6:48 of 1st period - Kyle Palmieri is hit by Robert Hagg. 7:04 of 1st period - Shot by Steven Stamkos. 7:04 of 1st period - Shot Misses the Net. 7:06 of 1st period - Shot by Elias Pettersson. 7:06 of 1st period - Goal by Elias Pettersson - RENO LIONS : 1 - SEATTLE GRUNGE : 0. 7:07 of 1st period - Derek Grant wins face-off versus Carl Hagelin in neutral zone. 7:35 of 1st period - Icing by Mattias Samuelsson. 7:36 of 1st period - Riley Sheahan wins face-off versus Derek Grant in RENO LIONS zone. 7:54 of 1st period - Shot by Nicholas Ritchie. 7:54 of 1st period - Stopped by Andrew Hammond without a rebound. 7:55 of 1st period - Elias Pettersson wins face-off versus Rem Pitlick in SEATTLE GRUNGE zone. 7:58 of 1st period - Shot by Elias Pettersson. 7:58 of 1st period - Shot Misses the Net. 8:34 of 1st period - Shot by Elias Pettersson. 8:34 of 1st period - Stopped by Andrew Hammond without a rebound. 8:35 of 1st period - Jack Roslovic wins face-off versus Tyler Seguin in SEATTLE GRUNGE zone. 8:38 of 1st period - Shot by Ilya Mikheyev. 8:38 of 1st period - Shot Blocked by Kyle Palmieri. 8:40 of 1st period - Shot by Cam Atkinson. 8:40 of 1st period - Goal by Cam Atkinson - RENO LIONS : 2 - SEATTLE GRUNGE : 0. 8:41 of 1st period - Laurent Dauphin wins face-off versus Tyler Seguin in neutral zone. 9:09 of 1st period - Shot by Tomas Tatar. 9:09 of 1st period - Stopped by Stuart Skinner without a rebound. 9:10 of 1st period - Warren Foegele wins face-off versus Steven Stamkos in RENO LIONS zone. 9:46 of 1st period - Shot by Steven Stamkos. 9:46 of 1st period - Goal by Steven Stamkos - RENO LIONS : 3 - SEATTLE GRUNGE : 0. 9:47 of 1st period - Tyler Seguin wins face-off versus Jack Roslovic in neutral zone. 10:29 of 1st period - Icing by Mattias Samuelsson. 10:30 of 1st period - Rem Pitlick wins face-off versus Jack Roslovic in RENO LIONS zone. 10:30 of 1st period - Morgan Geekie is hit by Mattias Samuelsson and loses puck. 10:36 of 1st period - Icing by Ilya Mikheyev. 10:37 of 1st period - Jack Roslovic wins face-off versus Rem Pitlick in RENO LIONS zone. 13:21 of 1st period - Minor Penalty to Nicolas Meloche for Holding. 13:22 of 1st period - Steven Stamkos wins face-off versus Curtis Lazar in SEATTLE GRUNGE zone. 13:31 of 1st period - Shot by Kirill Kaprizov. 13:31 of 1st period - Shot Misses the Net. 13:33 of 1st period - Shot by Steven Stamkos. 13:33 of 1st period - Shot Misses the Net. 13:51 of 1st period - Shot by Elias Pettersson. 13:51 of 1st period - Shot Misses the Net. 14:01 of 1st period - Shot by Kirill Kaprizov. 14:01 of 1st period - Stopped by Andrew Hammond with a rebound. 14:03 of 1st period - Shot by Elias Pettersson. 14:03 of 1st period - Stopped by Andrew Hammond without a rebound. 14:04 of 1st period - Cam Atkinson wins face-off versus Carl Hagelin in SEATTLE GRUNGE zone. 14:41 of 1st period - Shot by Cam Atkinson. 14:41 of 1st period - Shot Misses the Net. 14:43 of 1st period - Shot by Ilya Mikheyev. 14:43 of 1st period - Stopped by Andrew Hammond without a rebound. 14:44 of 1st period - Steven Stamkos wins face-off versus Kyle Palmieri in SEATTLE GRUNGE zone. 15:41 of 1st period - Shot by Patrick Brown. 15:41 of 1st period - Shot Misses the Net. 15:49 of 1st period - Shot by Janne Kuokkanen. 15:49 of 1st period - Stopped by Andrew Hammond with a rebound. 16:32 of 1st period - Shot by Jack Roslovic. 16:32 of 1st period - Stopped by Andrew Hammond without a rebound. 16:33 of 1st period - Steven Stamkos wins face-off versus Tyler Seguin in SEATTLE GRUNGE zone. 17:15 of 1st period - Shot by Kirill Kaprizov. 17:15 of 1st period - The goal is going for a video replay. 17